Map: Ascension to Aiur LE

Players

Pirateskullz - Winner!

  • Race: Terran Terran
  • League: Platinum
  • Spawn Location: 5:00

FireKen

  • Race: Zerg Zerg
  • League: Platinum
  • Spawn Location: 11:00

VOD

Have the link to the VOD?

Description

Time

  • Played on: June 22, 2017, 12:20 p.m.
  • Length: 18:06
Show
View Real Time Build Order
Export as new Build Order

Pirateskullz Terran - Winner!

Build Orders: Mech 

Get SALT Encoding   

  12  0:01  SCV  
  13  0:13  SCV  
  14  0:18  Supply Depot  
  14  0:25  SCV  
  15  0:39  SCV  
  16  0:44  Barracks  
  16  0:46  Refinery  
  16  0:51  SCV  
  17  1:03  SCV  
  18  1:16  SCV  
  19  1:19  Supply Depot  
  19  1:26  Barracks  
  19  1:28  SCV  
  20  1:39  Bunker  
  22  1:54  Orbital Command  
  20  2:08  Barracks Reactor  
  20  2:15  Command Center  
  20  2:16  Barracks Tech Lab  
  21  2:22  SCV  
  21  2:35  Bunker, SCV  
  22  2:37  Marauder  
  24  2:46  Marine  
  24  2:47  Marine, SCV  
  27  2:53  Supply Depot  
  27  2:58  Marine  
  27  2:59  SCV  
  27  3:05  Supply Depot  
  29  3:06  Marine  
  29  3:09  Marine  
  31  3:15  SCV  
  31  3:19  Marine  
  33  3:24  Marine  
  34  3:36  Orbital Command  
  34  3:37  SCV  
  35  3:45  Marine x2  
  35  3:46  Marauder  
  39  3:49  SCV  
  39  3:52  Factory  
  39  3:53  Refinery  
  40  3:59  Barracks  
  40  4:05  Supply Depot  
  40  4:09  Supply Depot  
  40  4:10  SCV  
  40  4:11  SCV  
  42  4:23  SCV x2  
  44  4:24  Marine  
  44  4:25  Marine x2  
  47  4:31  Combat Shields  
  47  4:35  SCV x2  
  49  4:45  Factory Reactor  
  49  4:47  SCV x2  
  49  4:48  Factory, Marine x2  
  49  4:49  Marauder  
  49  4:51  Barracks Tech Lab  
  55  4:59  SCV  
  56  5:06  Marine x2  
  59  5:07  SCV  
  59  5:11  SCV  
  60  5:16  Factory  
  60  5:19  SCV  
  60  5:20  Marine x2  
  63  5:23  SCV  
  63  5:25  Refinery  
  64  5:28  Concussive Shells  
  64  5:31  SCV  
  64  5:32  Marine x2  
  64  5:35  SCV  
  68  5:38  Marine, Marauder  
  71  5:43  SCV  
  71  5:45  Factory Tech Lab  
  71  5:46  Hellion  
  71  5:47  Hellion, SCV  
  71  5:49  Armory  
  77  5:55  SCV  
  77  5:56  Refinery  
  78  6:10  Factory Reactor  
  78  6:29  Marine x2, Marauder  
  78  6:31  Hellion  
  78  6:32  SCV x2  
  71  6:43  Marine  
  71  6:44  SCV  
  70  6:48  SCV  
  70  6:49  Barracks  
  70  6:50  Siege Tank  
  70  6:51  Marauder  
  76  6:54  Supply Depot  
  76  6:56  SCV  
  76  7:00  SCV  
  78  7:05  Supply Depot  
  78  7:06  Supply Depot  
  78  7:07  Supply Depot x2  
  78  7:08  Supply Depot  
  78  7:15  Marine x2  
  78  7:16  Cyclone x2  
  78  7:18  Terran Vehicle Weapons Level 1  
  78  7:20  Supply Depot  
  78  7:21  Command Center  
  86  7:24  Marine x2  
  86  7:25  SCV, Hellbat x2  
  86  7:29  SCV  
  94  7:37  SCV  
  94  7:41  SCV, Marauder x2  
  94  7:42  Barracks Tech Lab  
  100  7:44  Hellion  
  100  7:46  Hellion  
  104  7:52  Supply Depot  
  104  7:53  Marine x2  
  106  8:02  Marine  
  107  8:06  Marine x2  
  104  8:20  Marauder  
  104  8:24  Command Center, Marauder x2  
  110  8:27  Marine x2  
  110  8:29  Hellion x2  
  110  8:31  Hellion x3  
  122  8:37  Starport  
  122  8:41  Marauder  
  122  8:45  Marine  
  125  8:51  Hellion  
  127  9:01  Marine, Marauder  
  127  9:02  Marine, SCV x2, Marauder  
  135  9:14  SCV  
  135  9:15  SCV, Cyclone x2  
  135  9:16  Cyclone x2  
  149  9:33  Supply Depot  
  149  9:36  Cyclone  
  152  9:57  Engineering Bay  
  152  9:58  Engineering Bay  
  152  10:03  Marine x2, Marauder x3  
  160  10:07  Hellbat  
  160  10:08  Hellbat  
  160  10:13  Supply Depot, Orbital Command  
  164  10:21  Marine x2  
  164  10:24  Marine  
  164  10:25  Marauder  
  164  10:27  Missile Turret  
  169  10:29  Hellbat  
  169  10:30  Missile Turret  
  169  10:31  Missile Turret x2  
  169  10:32  Missile Turret  
  169  10:35  Missile Turret x3  
  171  10:39  Missile Turret  
  171  10:41  Missile Turret  
  171  10:42  Missile Turret  
  171  10:45  Marine x2, Starport Reactor  
  171  10:46  Marine x2, Missile Turret  
  175  10:54  Infernal Pre-Igniter  
  175  10:56  Hellion  
  179  10:57  Hellion  
  156  11:29  Marine  
  156  11:30  Marine x4  
  131  11:47  Marine x2  
  131  11:48  Viking x2, Marine x3  
  136  12:04  Missile Turret  
  136  12:05  Marine x3, Missile Turret  
  119  12:18  Viking x2  
  114  12:27  Marine x3  
  114  12:28  Marine x2  
  88  12:44  Marine x2  
  88  12:45  Marauder  
  88  12:46  Marine, Marauder  
  88  12:49  Starport  
  95  13:02  Command Center, Marine x2  
  95  13:04  Marine  
  95  13:05  Cyclone x2  
  104  13:06  Marine, Cyclone  
  105  13:22  Marine x2  
  105  13:23  Viking x2, Marauder  
  111  13:53  Viking  
  109  14:06  Marine x3  
  109  14:07  Marauder x2  
  99  14:21  SCV x3  
  99  14:24  Marine x3  
  92  14:28  Marine x2  
  88  14:33  SCV  
  89  14:41  Marine  
  89  14:42  Viking x2  
  89  14:43  Marine x2  
  96  14:45  Marine  
  96  14:46  Marauder  
  96  14:49  Refinery  
  96  14:50  Starport Reactor  
  96  14:51  Refinery  
  99  14:56  Terran Infantry Weapons Level 1  
  99  14:58  Terran Infantry Armor Level 1  
  99  14:59  Marine  
  100  15:01  Marine  
  100  15:02  Marauder  
  100  15:04  Marauder  
  105  15:07  Hellbat x2  
  105  15:12  Viking x2  
  105  15:13  Orbital Command  
  113  15:26  Marine x3  
  113  15:27  Marauder x2  
  120  15:29  Hellbat x2  
  120  15:30  Hellion x2  
  127  15:44  Marine x2, Marauder  
  127  15:48  Marauder x2  
  110  16:02  Marine x2  
  108  16:06  Marauder  
  108  16:09  Viking, Marine  
  108  16:10  Viking, Marauder  
  117  16:11  Viking x2  
  121  16:19  Marine x2  
  121  16:24  Hellion x2  
  127  16:27  Marauder  
  127  16:28  Marauder  
  127  16:31  Marauder  
  133  16:37  Marine x2  
  133  16:39  Viking  
  137  16:40  Viking  
  137  16:41  Viking x2  
  137  16:45  Hellion  
  137  16:46  Hellion  
  145  16:48  Marine  
  145  16:49  Marauder  
  145  16:52  Marine  
  149  16:55  Marine  
  150  17:03  Marine  
  150  17:06  Hellion x3  
  150  17:07  Hellion x2, Marauder  
  161  17:09  Viking, Marine  
  161  17:10  Marauder  
  166  17:34  Marine x4  
  166  17:35  Marauder  
Show
View Real Time Build Order
Export as new Build Order

FireKen Zerg 

Build Orders: Pool First 

Get SALT Encoding   

  12  0:03  Drone  
  13  0:13  Overlord  
  13  0:19  Drone  
  14  0:28  Overlord  
  14  0:31  Drone  
  15  0:40  Drone  
  16  0:54  Drone  
  17  0:59  Spawning Pool  
  17  1:01  Drone  
  17  1:08  Drone  
  18  1:12  Extractor  
  17  1:35  Drone x2  
  17  1:36  Hatchery  
  18  1:40  Drone  
  19  1:51  Zergling x2  
  20  1:58  Queen  
  22  2:02  Zergling x2  
  23  2:17  Metabolic Boost  
  23  2:20  Drone  
  24  2:44  Extractor  
  24  2:48  Drone x3  
  24  2:51  Evolution Chamber  
  25  2:58  Evolution Chamber  
  24  3:02  Drone x3  
  24  3:03  Queen  
  29  3:06  Lair  
  29  3:14  Roach Warren  
  29  3:20  Drone x3  
  29  3:23  Drone  
  32  3:32  Drone x2  
  32  3:33  Drone  
  35  3:39  Overlord  
  35  3:49  Zerg Melee Weapons Level 1  
  35  3:54  Zerg Missile Weapons Level 1  
  35  3:59  Overlord x2  
  35  4:10  Overlord  
  35  4:14  Drone  
  36  4:17  Drone  
  36  4:18  Drone x3  
  36  4:21  Drone x2  
  36  4:23  Drone  
  43  4:36  Queen  
  45  4:38  Overseer  
  45  4:46  Roach x4  
  45  4:47  Roach  
  45  4:50  Roach  
  57  5:05  Extractor  
  56  5:10  Extractor  
  56  5:11  Roach x2  
  56  5:13  Overlord x4  
  59  5:48  Infestation Pit  
  58  5:54  Zerg Missile Weapons Level 2  
  58  5:56  Zerg Ground Armor Level 1  
  58  5:59  Roach x5  
  58  6:00  Roach x3  
  73  6:20  Zergling x6  
  73  6:21  Zergling x6  
  75  6:35  Glial Reconstitution  
  75  6:48  Hive  
  75  6:55  Spire  
  75  6:56  Drone x2  
  75  6:58  Overlord x4  
  76  7:12  Baneling Nest  
  75  7:39  Hatchery  
  75  7:41  Infestor x2  
  75  7:43  Roach  
  75  7:44  Roach x2  
  84  7:47  Drone x2  
  86  8:06  Queen  
  84  8:29  Mutalisk  
  84  8:30  Mutalisk x6  
  98  8:36  Burrow  
  98  8:48  Greater Spire  
  98  8:54  Drone x6  
  105  8:55  Drone  
  105  9:29  Drone x5  
  105  9:30  Drone x3  
  113  9:32  Overlord  
  113  9:38  Extractor  
  112  9:42  Extractor  
  112  9:44  Zerg Missile Weapons Level 3  
  111  9:46  Zerg Melee Weapons Level 2  
  111  9:59  Corruptor x4  
  119  10:22  Drone x2  
  119  10:24  Overlord  
  119  10:25  Overlord x3  
  119  10:27  Hatchery  
  120  10:40  Overseer x2  
  120  10:44  Brood Lord x2  
  72  11:33  Zergling x12  
  72  11:34  Zergling x14  
  72  11:35  Zergling x12  
  72  11:36  Roach x4, Zergling x2  
  72  11:37  Roach x2  
  86  11:57  Baneling  
  86  11:58  Baneling x7  
  86  11:59  Baneling x7  
  76  12:12  Brood Lord x2  
  77  12:16  Roach x3  
  77  12:17  Roach  
  71  13:06  Mutalisk x4  
  71  13:08  Roach x2  
  83  13:29  Hatchery  
  83  13:33  Corruptor x3  
  83  13:48  Ravager x2  
  83  13:49  Ravager x4  
  83  13:52  Mutalisk  
  71  14:32  Mutalisk x6  
  71  14:37  Drone  
  84  14:55  Zergling x6  
  87  15:00  Zerg Flyer Weapons Level 1  
  87  15:01  Zerg Melee Weapons Level 3  
  87  15:09  Queen  
  59  16:05  Mutalisk x5  
  59  16:06  Mutalisk x2  
  71  16:35  Hatchery  
  71  16:37  Extractor  
  71  16:38  Extractor  
  64  16:50  Corruptor x2  
  64  16:51  Corruptor x2  
  72  16:55  Roach x2  
  76  17:17  Zergling x2  
  76  17:18  Zergling x12  
Tags
 
Composition
Mech
Matchup
TvZ
Opening
Pool First
Spawn Locations
Cross Positions
Add a new tag
Caveats
  • Supply blocks, unpowered buildings, or Contaminate may cause inaccurate times.
  • Supply counts are checked every 10 seconds.